 Dungeon Crawl Stone Soup version 0.20.1-1-g8b1a95d (webtiles) character file.

7 Folque the Magician (level 2, -2/18 HPs)
             Began as an Octopode Wizard on Nov 5, 2017.
             Slain by an ooze (3 damage)
             ... on level 1 of the Dungeon.
             The game lasted 00:04:53 (68 turns).

Folque the Magician (Octopode Wizard)                 Turns: 68, Time: 00:04:54

Health: -2/18      AC:  1    Str:  6    XL:     2   Next: 0%
Magic:  1/6        EV: 13    Int: 20    God:
Gold:   9          SH:  0    Dex: 10    Spells: 6/7 levels left

rFire    . . .     SeeInvis .   e - +0 dagger
rCold    . . .     Gourm    .   (no shield)
rNeg     . . .     Faith    .   a - +0 hat
rPois    .         Spirit   .   (no amulet)
rElec    .         Reflect  .   (no ring)
rCorr    .         Harm     .   (no ring)
MR       .....                  (no ring)
Stlth    +++.......             (no ring)
Regen    0.1/turn               (no ring)
MPRegen  0.1/turn               (no ring)
                                (no ring)
                                (no ring)

@: very slightly contaminated
A: almost no armour, stealthy swim, amphibious, 8 rings, constrict 8, camouflage
1, gelatinous body 1
a: no special abilities


You were on level 1 of the Dungeon.
You were not hungry.

You visited 1 branch of the dungeon, and saw 1 of its levels.

You collected 9 gold pieces.

Inventory:

Hand Weapons
 e - a +0 dagger (weapon)
Armour
 a - a +0 hat (worn)
Books
 b - a book of Minor Magic

   Spells                             Type                      Level
   a - Magic Dart                     Conjuration                  1
   b - Blink                          Translocation                2
   c - Call Imp                       Summoning                    2
   d - Slow                           Hexes                        2
   e - Conjure Flame                  Conjuration/Fire             3
   f - Mephitic Cloud                 Conjuration/Poison/Air       3
Comestibles
 c - a bread ration
 d - 3 chunks of flesh


   Skills:
 * Level 1.3 Fighting
 - Level 2.0 Dodging
 - Level 2.6 Stealth
 + Level 3.0 Spellcasting
 - Level 1.0 Conjurations
   Level 1.0 Summonings
   Level 1.0 Translocations


You had 6 spell levels left.
You knew the following spells:

 Your Spells              Type           Power        Failure   Level  Hunger
a - Magic Dart            Conj           #...         10%         1    None


Dungeon Overview and Level Annotations

Branches:
Dungeon (1/15)

Altars:


Innate Abilities, Weirdness & Mutations

You cannot wear most types of armour.
You are very stealthy in the water. (Stealth+)
You are amphibious.
You can wear up to eight rings at the same time.
You can use your tentacles to constrict eight enemies at once.
Your skin changes colour to match your surroundings (Stealth+).
Your rubbery body absorbs attacks. (AC +1, EV +1)


Message History

The hobgoblin shouts!
You hit the ooze.
The ooze is severely wounded.
The ooze hits you.
You hit the ooze.
The ooze is severely wounded.
The ooze hits you.
You hit the ooze but do no damage.
The ooze is severely wounded.
The ooze hits you.
* * * LOW HITPOINT WARNING * * *
You hit the ooze but do no damage.
The ooze is severely wounded.
The ooze hits you.
* * * LOW HITPOINT WARNING * * *
The frilled lizard barely misses you.
You hit the ooze.
The ooze is severely wounded.
The ooze hits you.
You die...

###.### #M#.#O#.#
. ###.###.##.. .#
#o#.#V#...
...###'###.#
.....#.#...#
............#
.#?....gl...###..
.....##.J@.......
........#...##...
........#%......#
........###..#..#
.....###. ......
... ...... ..
...... .....


You could see an ooze, a hobgoblin and a frilled lizard.

Vanquished Creatures
  A leopard gecko (D:1)
  A giant cockroach (D:1)
  A goblin (D:1)
  A kobold (D:1)
  A frilled lizard (D:1)
5 creatures vanquished.

Notes
Turn   | Place    | Note
-------+----------+-------------------------------------------
     0 | D:1      | Folque the Octopode Wizard began the quest for the Orb.
     0 | D:1      | Reached XP level 1. HP: 11/11 MP: 4/4
     2 | D:1      | Noticed a draconian
     2 | D:1      | Noticed a minotaur
     4 | D:1      | Noticed a centaur
     4 | D:1      | Noticed a troll
     6 | D:1      | Noticed a merfolk
     6 | D:1      | Noticed a demigod
     8 | D:1      | Noticed a tengu
     8 | D:1      | Noticed an octopode
    10 | D:1      | Noticed a ghoul
    10 | D:1      | Noticed a naga
    16 | D:1      | Noticed a gargoyle
    16 | D:1      | Noticed an elf
    18 | D:1      | Noticed a vine stalker
    20 | D:1      | Noticed a spriggan
    22 | D:1      | Noticed a felid
    22 | D:1      | Noticed a halfling
    24 | D:1      | Noticed a human
    24 | D:1      | Noticed a dwarf
    27 | D:1      | Noticed a demonspawn
    27 | D:1      | Noticed a formicid
    29 | D:1      | Noticed an ogre
    31 | D:1      | Noticed a vampire
    44 | D:1      | Reached skill level 1 in Fighting
    60 | D:1      | Reached XP level 2. HP: 14/18 MP: 3/6
    68 | D:1      | Slain by an ooze

Skill      XL: |  1 |
---------------+----+-----
Fighting       | 1 |  1.3
Dodging        | |  2.0
Stealth        | |  2.6
Spellcasting   | |  3.0
Conjurations   | |  1.0
Summonings     | |  1.0
Translocations | |  1.0

Action                   || total
-------------------------++-------
Melee: Unarmed           ||    12
       Constrict         ||     3
       Tentacles         ||     2
       Dagger            ||     6
 Cast: Magic Dart        ||     6
Armor: Skin              ||     1
Dodge: Dodged            ||     8
